 Dungeon Crawl Stone Soup version 0.28.0-43-g3370ac3207 (webtiles) character file.

Game seed: 665912054059189277

431226 demenzo the Heavyweight Champion (level 22, 0/244 HPs)
             Began as a Troll Cinder Acolyte on Mar 16, 2022.
             Was an Elder of Ignis.
             Killed from afar by a black draconian knight (19 damage)
             ... with a bolt of cold
             ... on level 1 of the Realm of Zot on Mar 17, 2022.
             The game lasted 01:54:23 (51380 turns).

demenzo the Heavyweight Champion (TrCA)            Turns: 51380, Time: 01:54:23

Health: 0/244      AC: 25    Str: 34      XL:     22   Next: 52%
Magic:  31/31      EV:  7    Int: 16      God:    Ignis [****..]
Gold:   2699       SH: 24    Dex:  5 (7)  Spells: 23/23 levels left

rFire   + + .      SeeInvis .     - Unarmed
rCold   + . .      Faith    .   W - +2 tower shield {reflect}
rNeg    + . .      Spirit   .   r - +2 gold dragon scales
rPois   +          Reflect  +   O - +2 hat
rElec   +          Harm     .   U - +2 cloak {rCorr}
rCorr   +          Rampage  .   (gloves unavailable)
Will    ++...                   (boots unavailable)
Stlth   ..........              b - amulet of Eternal Harmony {Reflect rElec Slay+6 SH+5}
HPRegen 1.30/turn               f - ring "Wef Isor" {rN+ MP+9 EV+4 Slay+3 Stlth+}
MPRegen 0.22/turn               d - ring "Woni" {rElec Will+ rCorr Int+6}

@: about to teleport, studying Fighting
A: large, unfitting armour, claws 3, regeneration 1, shaggy fur 1, tough skin 1,
hooves 1, deterioration 1
}: 3/15 runes: decaying, serpentine, silver
a: Renounce Religion, Fiery Armour, Foxfire Swarm, Rising Flame


You were on level 1 of the Realm of Zot.
You worshipped Ignis.
Ignis was greatly pleased with you.
You visited 8 branches of the dungeon, and saw 41 of its levels.
You visited the Abyss 1 time.
You visited 1 bazaar.
You also visited: Volcano.

You collected 5636 gold pieces.
You spent 2937 gold pieces at shops.

Inventory:

Hand Weapons
 H - a +0 broad axe of flaming
Missiles
 q - 83 large rocks
 w - 9 curare-tipped darts (quivered)
 C - 3 throwing nets
Armour
 r - +2 gold dragon scales (worn)
 O - a +2 hat (worn)
 U - a +2 cloak of preservation (worn)
 W - a +2 tower shield of reflection (worn)
Jewellery
 b - the amulet of Eternal Harmony (around neck) {Reflect rElec Slay+6 SH+5}
   (You acquired it on level 9 of the Dungeon)

   [amulet of reflection]

   It reflects blocked missile attacks.
   Slay:      It affects your accuracy & damage with ranged weapons and melee
   (+6).
   rElec:     It insulates you from electricity.
   SH:        It affects your SH (+5).
 d - the ring "Woni" (right claw) {rElec Will+ rCorr Int+6}
   (You bought it in a shop in a bazaar)

   [ring of intelligence]

   Int:       It affects your intelligence (+6).
   rElec:     It insulates you from electricity.
   rCorr:     It protects you from acid and corrosion.
   Will:      It increases your willpower.
 f - the ring "Wef Isor" (left claw) {rN+ MP+9 EV+4 Slay+3 Stlth+}
   (You bought it in a shop on level 2 of the Orcish Mines)

   [ring of evasion]

   EV:        It affects your evasion (+4).
   Slay:      It affects your accuracy & damage with ranged weapons and melee
   (+3).
   rN:        It protects you from negative energy.
   MP:        It affects your magic capacity (+9).
   Stlth:     It makes you more stealthy.
 s - a +6 ring of dexterity
 v - a ring of ice
 E - a ring of resist corrosion
 F - a ring of protection from cold
 I - a ring of see invisible
Wands
 o - a wand of paralysis (2)
 y - a wand of iceblast (43)
 B - a wand of acid (16)
 K - a wand of polymorph (32)
 L - a wand of mindburst (1)
 M - a wand of flame (19)
 P - a wand of charming (2)
 T - a wand of digging (4)
Scrolls
 a - 8 scrolls of blinking
 j - 10 scrolls of teleportation
 l - a scroll of summoning
 p - 9 scrolls of fear
 G - 29 scrolls of identify
 R - 9 scrolls of fog
 S - 2 scrolls of magic mapping
 V - a scroll of holy word
 Y - 2 scrolls of silence
Potions
 c - 9 potions of mutation
 e - 4 potions of resistance
 g - 15 potions of attraction
 h - 9 potions of haste
 i - 6 potions of heal wounds
 k - 3 potions of might
 m - 3 potions of magic
 u - 6 potions of flight
 x - 18 potions of curing
 z - 5 potions of berserk rage
 A - 3 potions of cancellation
 D - 3 potions of invisibility
 N - 5 potions of ambrosia
Miscellaneous
 n - a box of beasts
 t - a phial of floods
 J - a lightning rod (4/4)
 Q - a phantom mirror
 X - a piece from Xom's chessboard (15/15)
 Z - a tin of tremorstones (2/2)


   Skills:
 + Level 19.2 Fighting
 - Level 8.0 Armour
 - Level 4.0 Dodging
 + Level 16.3 Shields
 O Level 27 Unarmed Combat
 - Level 1.0 Spellcasting
 - Level 2.1 Fire Magic
 - Level 6.0 Evocations


You had 23 spell levels left.
You didn't know any spells.
Your spell library contained the following spells:

 Spells                   Type           Power      Damage    Failure   Level
 Animate Skeleton         Necr           0%         N/A       100%        1
 Foxfire                  Conj/Fire      16%        2x1d4     100%        1
 Magic Dart               Conj           0%         1d3       100%        1
 Pain                     Necr           0%         1d4       100%        1
 Call Imp                 Summ           0%         N/A       100%        2
 Corpse Rot               Necr/Air       0%         N/A       100%        2
 Ensorcelled Hibernation  Hex/Ice        0%         N/A       100%        2
 Scorch                   Fire           14%        2d6       100%        2
 Searing Ray              Conj           0%         2d4       100%        2
 Call Canine Familiar     Summ           0%         N/A       100%        3
 Confusing Touch          Hex            0%         N/A       100%        3
 Conjure Flame            Conj/Fire      4%         6-21      100%        3
 Dazzling Flash           Conj/Hex       0%         N/A       100%        3
 Gell's Gravitas          Tloc           0%         N/A       100%        3
 Inner Flame              Hex/Fire       4%         N/A       100%        3
 Lesser Beckoning         Tloc           0%         N/A       100%        3
 Mephitic Cloud           Conj/Pois/Air  0%         N/A       100%        3
 Ozocubu's Armour         Ice            0%         N/A       100%        3
 Portal Projectile        Hex/Tloc       0%         N/A       100%        3
 Spider Form              Tmut/Pois      0%         N/A       100%        3
 Teleport Other           Tloc           0%         N/A       100%        3
 Tukima's Dance           Hex            0%         N/A       100%        3
 Vampiric Draining        Necr           0%         2d6       100%        3
 Anguish                  Hex/Necr       0%         N/A       100%        4
 Animate Dead             Necr           0%         N/A       100%        4
 Flame Wave               Conj/Fire      4%         2d5       100%        4
 Fulminant Prism          Conj/Hex       0%         3d6       100%        4
 Leda's Liquefaction      Hex/Erth       0%         N/A       100%        4
 Passage of Golubria      Tloc           0%         N/A       100%        4
 Petrify                  Tmut/Erth      0%         N/A       100%        4
 Agony                    Necr           0%         N/A       100%        5
 Blade Hands              Tmut           0%         N/A       100%        5
 Borgnjor's Vile Clutch   Necr/Erth      0%         N/A       100%        5
 Excruciating Wounds      Necr           0%         N/A       100%        5
 Fireball                 Conj/Fire      2%         3d4       100%        5
 Freezing Cloud           Conj/Ice/Air   0%         6-21      100%        5
 Irradiate                Conj/Tmut      0%         3d13      100%        5
 Iskenderun's Battlesphe  Conj           0%         2d6       100%        5
 Metabolic Englaciation   Hex/Ice        0%         N/A       100%        5
 Silence                  Hex/Air        0%         N/A       100%        5
 Yara's Violent Unravell  Hex/Tmut       0%         3d3       100%        5
 Conjure Ball Lightning   Conj/Air       0%         3x3d6     100%        6
 Death Channel            Necr           0%         N/A       100%        6
 Dispersal                Tloc           0%         N/A       100%        6
 Simulacrum               Ice/Necr       0%         N/A       100%        6
 Statue Form              Tmut/Erth      0%         N/A       100%        6
 Dragon Form              Tmut           0%         N/A       100%        7
 Enfeeble                 Hex            0%         N/A       100%        7
 Haunt                    Necr/Summ      0%         N/A       100%        7
 Orb of Destruction       Conj           0%         9d5       100%        7
 Ozocubu's Refrigeration  Ice            0%         4d5       100%        7
 Disjunction              Tloc           0%         N/A       100%        8
 Infestation              Necr           0%         N/A       100%        8
 Lehudib's Crystal Spear  Conj/Erth      0%         10d2      100%        8
 Necromutation            Tmut/Necr      0%         N/A       100%        8
 Chain Lightning          Conj/Air       0%         N/A       100%        9
 Fire Storm               Conj/Fire      2%         8d1       100%        9
 Polar Vortex             Ice            0%         N/A       100%        9
 Shatter                  Erth           0%         3d5*      100%        9


Dungeon Overview and Level Annotations

Branches:
Dungeon (15/15)            Temple (0/1) D:7            Lair (6/6) D:10
  Swamp (4/4) Lair:2        Snake (4/4) Lair:3        Slime (0/5) Lair:5
    Orc (2/2) D:9             Elf (0/3) Orc:2        Vaults (5/5) D:13
  Crypt (0/3) Vaults:2     Depths (4/4) D:15            Zot (1/5) Depths:4
Volcano (visited)

Altars:
Cheibriados
Qazlal
Trog
Vehumet
Wu Jian
Xom
The Shining One
Beogh

Shops:
D:4 (   D:10 !   D:11 :   D:13 *   Orc:2 (*=[*   Vaults:3 *(:?   Depths:1 =[[
Depths:4 :==

Portals:
Hell: Depths:1 Depths:2 Depths:3 Depths:4
Abyss: Depths:3
Pandemonium: Depths:1 Depths:2
Ziggurat: Depths:4

Annotations:
Lair:2 1 runed translucent door, pkoi's ghost, journeyman DrMo
Swamp:1 exclusion: oklob plant
Snake:4 2 transporters, themarg's ghost, adept TeAE
Orc:1 1 transporter
Depths:2 1 exclusion


Innate Abilities, Weirdness & Mutations

You are too large for most types of armour.
You have claws for hands.
Your natural rate of healing is unusually fast.
You are covered in fur. (AC +1)
You have tough skin. (AC +1)
You have large cloven feet.
Your body sometimes deteriorates upon taking damage.


Message History

* * * LOW HITPOINT WARNING * * *
You mangle the purple draconian!! You kick the purple draconian!
The purple draconian is almost dead.
You block something's attack.
The purple draconian breathes dispelling energy at you.
The bolt of dispelling energy hits you!
You feel strangely stable.
* * * LOW HITPOINT WARNING * * *
You mangle the purple draconian!!
You kill the purple draconian!
Something hits you!!
* * * LOW HITPOINT WARNING * * *
Something burns you.
* * * LOW HITPOINT WARNING * * *
The red draconian scorcher breathes fire at you.
The searing blast hits something!!!
The searing blast hits you! You resist.
* * * LOW HITPOINT WARNING * * *
You feel much better. Something hits you!
* * * LOW HITPOINT WARNING * * *
Something burns you.
* * * LOW HITPOINT WARNING * * *
A bolt of lightning appears from out of thin air!
The bolt of lightning hits you! You resist.
* * * LOW HITPOINT WARNING * * *
Unknown command.
Unknown command.
Blink to where?
Press: ? - help, Dir - move target
As you read the scroll of blinking, it crumbles to dust.
As you read the scroll of teleportation, it crumbles to dust.
You feel strangely unstable.
You feel the Orb delaying your translocation!
You hear some strange, mumbled words.
A bolt of cold appears from out of thin air!
The bolt of cold hits you! You resist.
* * * LOW HITPOINT WARNING * * *
You hear some strange, mumbled words.
A bolt of cold appears from out of thin air!
The bolt of cold hits you!! You resist.
You die...

#### #....# ####.# #..## ##...##
#...## ###..^## #....## #...#
..#....#####.....## ##...#*
..........####....#########.#...#
.....#....##.......##...##)#....#
.#...##...##........#...#.##..^..
########...................#.....
# ##.......@................
##........##.............
##......................
##..................... *****
#...#####.............# *,,,*
#..{####.##....>##.....
**,,,***#.......##........#....
*,,,,..,###...............##...
*...,...###...............#....


There were no monsters in sight!

Vanquished Creatures
  A dread lich (Vaults:5)
  A juggernaut (Depths:3)
  the Lernaean hydra (Swamp:4)
  Vashnia (Snake:2)
  2 golden dragons
  An electric golem (Zot:1)
  4 liches
  2 tentacled monstrosities
  4 quicksilver dragons
  5 titans (Vaults:5)
  A walking divine tome (Depths:3)
  An ancient champion (Vaults:2)
  Gastronok (Lair:3)
  3 death cobs (Zot:1)
  8 tengu reavers
  7 shadow dragons
  Kirke (D:14)
  4 storm dragons
  5 sphinxes
  A thorn hunter (Swamp:3)
  5 fire giants
  2 nagarajas (Snake:4)
  2 draconian knights (Zot:1)
  Aizul (Snake:4)
  A deep elf sorcerer (Vaults:4)
  12 vault wardens
  An orc warlord (Orc:1)
  A fenstrider witch (Swamp:2)
  A draconian shifter (Zot:1)
  A balrug (Depths:2)
  6 frost giants
  2 war gargoyles
  28 very ugly things
  19 ironbound preservers
  A draconian annihilator (Depths:4)
  11 stone giants
  4 black draconians
  5 ironbound thunderhulks
  2 vampire knights
  2 deep elf annihilators (Vaults:3)
  3 deep elf demonologists
  4 eleionomae
  A white draconian (Zot:1)
  14 dire elephants
  8 bunyips
  A yellow draconian (Depths:3)
  2 red draconians
  An entropy weaver (Vaults:4)
  An eidolon (Abyss:2)
  3 purple draconians
  12 ettins
  A green death (Depths:2)
  A shambling mangrove (Swamp:3)
  Josephine (D:11)
  10 fire dragons
  3 jiangshi
  2 deep elf high priests
  4 great orbs of eyes
  A rakshasa (Depths:2)
  14 yaktaur captains
  17 naga warriors
  30 hydras
  4 salamander tyrants
  2 ogre magi (D:15)
  25 vault guards
  A spriggan air mage (Depths:1)
  10 ironbound frosthearts
  A peacekeeper (Vaults:2)
  7 ice dragons
  2 catoblepae
  5 boulder beetles
  A death knight (D:15)
  14 two-headed ogres
  4 centaur warriors
  3 ghost crabs
  10 anacondas
  8 alligators
  4 deep troll shamans
  8 tengu warriors
  10 deep troll earth magi
  10 death yaks
  3 shock serpents
  An orc high priest (Orc:2)
  2 spriggan berserkers
  2 hell knights
  Urug (Orc:2)
  13 naga sharpshooters
  2 vampire magi
  9 sun demons
  A titan skeleton (Vaults:4)
  7 iron trolls
  3 skeletal warriors (D:15)
  A spectral death yak (Lair:6)
  10 salamander mystics
  A shadow demon (Depths:1)
  A steelbarb worm (shapeshifter) (Vaults:5)
  47 deep trolls
  5 flayed ghosts
  A sea snake (shapeshifter) (D:13)
  A spectral anaconda (Lair:6)
  A swamp dragon (shapeshifter) (Vaults:5)
  2 glowing orange brains
  A goliath frog (Zot:1)
  2 naga ritualists
  2 starcursed masses (Abyss:2)
  3 bog bodies
  3 spriggan druids
  Pikel (D:5)
  7 harpies
  12 swamp dragons
  8 wizards
  7 lindwurms
  2 obsidian statues
  4 phantasmal warriors (Vaults:5)
  17 ironbound convokers
  9 necromancers
  A deep elf pyromancer (D:15)
  4 large abominations (Abyss:2)
  3 orc knights
  3 orc sorcerers (Orc:2)
  30 ugly things
  8 mana vipers
  7 cyclopes
  A stone giant zombie (Vaults:3)
  4 shining eyes
  4 manticores
  26 salamanders
  Maurice (D:10)
  6 elephants (Lair:6)
  4 will-o-the-wisps
  6 guardian serpents
  24 black mambas
  5 moths of wrath (Zot:1)
  3 frost giant skeletons
  10 apocalypse crabs (Depths:3)
  16 naga magi
  A smoke demon (Depths:2)
  13 vault sentinels
  17 cane toads
  An orange demon (Depths:2)
  2 molten gargoyles (Volcano)
  2 hellions (Depths:4)
  A torpor snail (Lair:5)
  A dire elephant skeleton (Lair:6)
  11 komodo dragons
  14 yaktaurs
  A rime drake (Lair:2)
  3 freezing wraiths (Vaults:5)
  A yaktaur (shapeshifter) (D:13)
  2 tengu conjurers
  A meliai (shapeshifter) (Vaults:5)
  2 red devils
  A polar bear (Lair:3)
  A yaktaur skeleton (Vaults:3)
  7 tyrant leeches
  An ancient zyme (Abyss:2)
  4 trolls
  13 hornets
  A spectral elephant (Lair:6)
  2 sphinx simulacra
  26 blink frogs
  A wind drake (shapeshifter) (Vaults:5)
  26 slime creatures
  5 dream sheep (Lair:6)
  10 spriggans
  2 human simulacra (Vaults:3)
  3 water elementals
  A jumping spider (shapeshifter) (D:11)
  Sigmund (D:2)
  2 shadows
  A fire bat (shapeshifter) (D:15)
  A vampire (D:10)
  15 wraiths
  2 hogs (D:14)
  5 basilisks
  A neqoxec (Depths:1)
  57 yaks
  7 fire bats (Volcano)
  4 wyverns
  A steam dragon (D:9)
  A yaktaur simulacrum (Vaults:3)
  2 death yak simulacra (Lair:6)
  A redback (Vaults:4)
  A golden eye (shapeshifter) (Vaults:5)
  A redback (shapeshifter) (Vaults:5)
  12 vampire mosquitoes
  3 chaos spawn
  3 wargs (Orc:1)
  34 nagas
  21 swamp worms
  An acid dragon (D:11)
  A hell hound (Depths:4)
  14 water moccasins
  10 swamp drakes
  3 black bears
  A black bear (shapeshifter) (D:13)
  A hornet zombie (D:8)
  26 orc warriors
  An elephant zombie (Lair:6)
  22 wolves
  9 centaurs
  An elephant skeleton (Lair:6)
  6 ogres
  A phantom (D:7)
  2 kobold brigands
  A lemure (D:6)
  Blork the orc (Orc:2)
  15 bullfrogs
  3 gnoll sergeants
  5 scorpions
  A cane toad simulacrum (Lair:6)
  An elephant simulacrum (Lair:6)
  7 killer bees
  9 wights
  A howler monkey (D:7)
  5 electric eels
  6 lava snakes (Volcano)
  4 centaur zombies
  12 orc priests
  2 hounds (D:6)
  Terence (D:3)
  A gnoll shaman (D:7)
  10 jellies
  26 orc wizards
  A howler monkey skeleton (D:6)
  23 gnolls
  2 adders (D:2)
  A shadow imp (D:7)
  A white imp (D:5)
  An ufetubus (D:7)
  37 orcs
  5 ball pythons
  16 bats
  19 endoplasms
  2 giant cockroaches
  8 goblins
  8 hobgoblins
  2 jackals (D:2)
  18 kobolds
  3 quokkas
  6 frilled lizards
  9 rats
1507 creatures vanquished.

Vanquished Creatures (collateral kills)
  A frost giant (Depths:4)
1 creature vanquished.

Vanquished Creatures (others)
  A nagaraja (Snake:4)
  A salamander mystic (Snake:4)
  4 bloated husks
  A hornet (Swamp:4)
  A tyrant leech (Swamp:2)
  2 spriggans (Swamp:4)
  2 yaks (Lair:5)
  2 humans (D:14)
  A swamp worm (Swamp:3)
  4 bushes (Depths:4)
  15 foxfires
  31 fungi
  20 plants
  9 toadstools (D:4)
  15 withered plants (Lair:6)
109 creatures vanquished.

Grand Total: 1617 creatures vanquished

Notes
Turn   | Place    | Note
-------+----------+-------------------------------------------
     0 | D:1      | demenzo the Troll Cinder Acolyte began the quest for the
                  | Orb.
     0 | D:1      | Reached XP level 1. HP: 22/22 MP: 1/1
   151 | D:1      | Reached XP level 2. HP: 29/29 MP: 2/2
   374 | D:1      | Reached skill level 4 in Unarmed Combat
   730 | D:1      | Reached XP level 3. HP: 34/36 MP: 3/3
   735 | D:1      | Found a faded altar of an unknown god.
  1075 | D:2      | Noticed Sigmund
  1085 | D:2      | Killed Sigmund
  1086 | D:2      | Reached skill level 6 in Unarmed Combat
  1086 | D:2      | Reached XP level 4. HP: 36/44 MP: 4/4
  1086 | D:2      | Reached XP level 5. HP: 41/50 MP: 5/5
  1367 | D:2      | Found a snail-covered altar of Cheibriados.
  1815 | D:3      | Reached XP level 6. HP: 59/59 MP: 6/6
  1988 | D:3      | Noticed Terence
  1997 | D:3      | Killed Terence
  1998 | D:3      | Reached skill level 7 in Unarmed Combat
  2451 | D:4      | Found Xyfeow's Weapon Shop.
  2901 | D:4      | Reached skill level 8 in Unarmed Combat
  2901 | D:4      | Reached XP level 7. HP: 52/66 MP: 7/7
  3202 | D:5      | Entered Level 5 of the Dungeon
  3229 | D:5      | Reached skill level 9 in Unarmed Combat
  4102 | D:5      | Identified the +2 ring mail of the Lair of Beasts {+Blink
                  | rElec Stlth+}
  4311 | D:6      | Reached XP level 8. HP: 74/74 MP: 8/8
  4367 | D:6      | Noticed Pikel
  4415 | D:5      | Killed Pikel
  4416 | D:5      | Reached skill level 11 in Unarmed Combat
  4947 | D:6      | Reached skill level 12 in Unarmed Combat
  5208 | D:7      | Reached XP level 9. HP: 50/80 MP: 9/9
  5493 | D:7      | Found a staircase to the Ecumenical Temple.
  6013 | D:7      | Reached skill level 13 in Unarmed Combat
  6525 | D:8      | Reached skill level 14 in Unarmed Combat
  6664 | D:8      | Reached XP level 10. HP: 21/88 MP: 10/10
  7165 | D:8      | Reached skill level 15 in Unarmed Combat
  7913 | D:9      | Identified a scroll of acquirement
  7913 | D:9      | Acquired the amulet of Eternal Harmony {Reflect rElec
                  | Slay+6 SH+5}
  7934 | D:9      | Noticed a two-headed ogre
  7974 | D:9      | Found a staircase to the Orcish Mines.
  8520 | D:9      | Reached skill level 16 in Unarmed Combat
  8880 | D:9      | Killed a two-headed ogre
  9031 | D:10     | Entered Level 10 of the Dungeon
  9042 | D:10     | Found a stormy altar of Qazlal.
  9051 | D:10     | Found Zoemp's Distillery.
  9063 | D:10     | Bought a potion of haste for 170 gold pieces
  9063 | D:10     | Bought a potion of degeneration for 17 gold pieces
  9063 | D:10     | Bought a potion of lignification for 51 gold pieces
  9063 | D:10     | Bought 2 potions of ambrosia for 272 gold pieces
  9121 | D:10     | Reached XP level 11. HP: 74/94 MP: 11/11
  9265 | D:10     | Reached skill level 17 in Unarmed Combat
  9273 | D:10     | Noticed a boulder beetle
  9303 | D:10     | Killed a boulder beetle
  9443 | D:10     | Found a staircase to the Lair.
  9492 | D:10     | Noticed Maurice
  9501 | D:10     | Killed Maurice
  9753 | D:11     | Noticed a purple ugly thing
  9766 | D:11     | Killed a purple ugly thing
  9776 | D:11     | Noticed an ettin
  9808 | Lair:1   | Entered Level 1 of the Lair of Beasts
  9808 | Lair:1   | Noticed a four-headed hydra
  9815 | Lair:1   | Killed a four-headed hydra
  9816 | Lair:1   | Reached skill level 18 in Unarmed Combat
 10021 | Lair:1   | Noticed a five-headed hydra
 10935 | Lair:1   | Noticed a seven-headed hydra
 11051 | Lair:2   | Found a staircase to the Swamp.
 11107 | Lair:2   | Reached skill level 19 in Unarmed Combat
 11226 | Lair:2   | Found a runed translucent door.
 11227 | Lair:2   | Found a shimmering altar of Xom.
 11227 | Lair:2   | Noticed pkoi's ghost (journeyman DrMo)
 11227 | Lair:2   | Noticed a +2 scimitar of chaos
 11240 | Lair:2   | Reached XP level 12. HP: 101/105 MP: 12/12
 12124 | Lair:3   | Noticed Gastronok
 12137 | Lair:3   | Killed Gastronok
 12598 | Lair:3   | Found a staircase to the Snake Pit.
 12815 | Lair:4   | Noticed a death yak
 12815 | Lair:4   | Noticed a death yak
 12815 | Lair:4   | Noticed a death yak
 12818 | Lair:4   | Noticed a death yak
 12820 | Lair:4   | Noticed a death yak
 12826 | Lair:3   | Killed a death yak
 12827 | Lair:3   | Reached skill level 5 in Fighting
 12827 | Lair:3   | Reached skill level 20 in Unarmed Combat
 12911 | Lair:4   | Noticed a four-headed hydra
 13016 | Lair:4   | Killed a four-headed hydra
 13164 | Lair:4   | Noticed a boulder beetle
 13172 | Lair:4   | Killed a boulder beetle
 13309 | Lair:4   | Noticed a catoblepas
 13309 | Lair:4   | Noticed a six-headed hydra
 13314 | Lair:4   | Killed a catoblepas
 13318 | Lair:4   | Killed an eight-headed hydra
 13319 | Lair:4   | Reached skill level 1 in Armour
 13319 | Lair:4   | Reached skill level 1 in Dodging
 13319 | Lair:4   | Reached XP level 13. HP: 71/120 MP: 13/13
 13973 | Lair:5   | Found a staircase to the Slime Pits.
 14241 | Lair:5   | Reached skill level 21 in Unarmed Combat
 14608 | Lair:6   | Entered Level 6 of the Lair of Beasts
 15344 | Lair:6   | Reached XP level 14. HP: 91/133 MP: 14/14
 15978 | Lair:6   | Reached skill level 5 in Armour
 16164 | Lair:6   | Reached skill level 22 in Unarmed Combat
 16324 | Lair:6   | Got Kikubaaqudgh's Catalogue of Unholy Magic
 16949 | D:11     | Found Uzuys's Book Emporium.
 17048 | D:11     | Noticed Josephine
 17053 | D:11     | Killed Josephine
 18576 | D:13     | Found Seulah's Assorted Antiques.
 18732 | D:13     | Reached XP level 15. HP: 145/145 MP: 15/15
 18736 | D:13     | Found a gate to the Vaults.
 19330 | D:14     | Identified the +1 falchion of Bunuat {holy, rPois rC-
                  | Will+}
 19414 | D:14     | Found a stormy altar of Qazlal.
 19440 | D:14     | Noticed Kirke
 19442 | D:14     | Noticed a sphinx
 19451 | D:14     | Killed Kirke
 19769 | D:15     | Entered Level 15 of the Dungeon
 19783 | D:15     | Reached skill level 23 in Unarmed Combat
 20631 | D:15     | Found a staircase to the Depths.
 21392 | Orc:1    | Entered Level 1 of the Orcish Mines
 21783 | Orc:1    | Found a bloodstained altar of Trog.
 21901 | Orc:1    | Found a transporter.
 22022 | Orc:2    | Entered Level 2 of the Orcish Mines
 22022 | Orc:2    | Noticed Sonja
 22024 | Orc:2    | Noticed Sonja
 22024 | Orc:2    | Sonja changed into Sonja the spriggan
 22028 | Orc:2    | Killed Sonja the spriggan
 22064 | Orc:2    | Found a dark tunnel.
 22073 | Volcano  | Entered a volcano
 22213 | Volcano  | Found a radiant altar of Vehumet.
 22339 | Orc:2    | Reached skill level 10 in Fighting
 22765 | Orc:2    | Found a staircase to the Elven Halls.
 22841 | Orc:2    | Noticed Blork the orc
 22843 | Orc:2    | Noticed Urug
 22860 | Orc:2    | Killed Blork the orc
 22884 | Orc:2    | Killed Urug
 23035 | Orc:2    | Noticed an orc warlord
 23146 | Orc:1    | Reached skill level 1 in Shields
 23220 | Orc:1    | Killed an orc warlord
 23285 | Orc:2    | Found Vyhytom's CLEARANCE SALE!.
 23293 | Orc:2    | Bought a potion of curing for 15 gold pieces
 23611 | Orc:2    | Found Cytesu's Antique Armour Boutique.
 23637 | Orc:2    | Found Giw Faes's General Store.
 23702 | Orc:2    | Found Umpaergh Dudd's Jewellery Boutique.
 23725 | Orc:2    | Found Lajoyly's Antique Weapon Boutique.
 23956 | Orc:2    | Bought the ring "Wef Isor" {rN+ MP+9 EV+4 Slay+3 Stlth+}
                  | for 1059 gold pieces
 24163 | Snake:1  | Entered Level 1 of the Snake Pit
 24336 | Snake:1  | Reached XP level 16. HP: 158/158 MP: 16/16
 24447 | Snake:1  | Reached skill level 24 in Unarmed Combat
 25664 | Snake:2  | You fall into a shaft and drop 1 floor!
 25936 | Snake:2  | Noticed Vashnia
 25953 | Snake:2  | Killed Vashnia
 26277 | Snake:2  | Found an ornate altar of the Wu Jian Council.
 27402 | Snake:4  | Entered Level 4 of the Snake Pit
 27709 | Snake:4  | Reached skill level 5 in Shields
 27852 | Snake:4  | Reached skill level 25 in Unarmed Combat
 28018 | Snake:4  | Reached XP level 17. HP: 119/170 MP: 17/17
 28330 | Snake:4  | Noticed Aizul
 28344 | Snake:4  | Killed Aizul
 29137 | Snake:4  | Got a serpentine rune of Zot
 29525 | Snake:4  | Found a transporter.
 29705 | Snake:4  | Found a bloodstained altar of Trog.
 29748 | Snake:4  | Noticed themarg's ghost (adept TeAE)
 29754 | Snake:4  | Found a transporter.
 29990 | Swamp:1  | Entered Level 1 of the Swamp
 30626 | Swamp:1  | Found the brooch of Shielding {Spirit SH+8}
 31336 | Swamp:2  | Reached skill level 26 in Unarmed Combat
 31670 | Swamp:3  | Paralysed by a hornet for 2 turns
 32012 | Swamp:3  | Found a glowing golden altar of the Shining One.
 32276 | Swamp:4  | Entered Level 4 of the Swamp
 32285 | Swamp:4  | Reached XP level 18. HP: 183/183 MP: 18/18
 33492 | Swamp:4  | Noticed the 27-headed Lernaean hydra
 33867 | Swamp:4  | Killed the 26-headed Lernaean hydra
 34054 | Swamp:4  | Got a decaying rune of Zot
 34393 | Vaults:1 | Entered Level 1 of the Vaults
 34517 | Vaults:1 | Paralysed by a sphinx for 4 turns
 34670 | Vaults:1 | Found a flickering gateway to a bazaar.
 34679 | Bazaar   | Entered a bazaar
 34679 | Bazaar   | Found Paomolad's Weapon Shop.
 34679 | Bazaar   | Found Ribe's Armour Emporium.
 34728 | Bazaar   | Found Idecoawuin's Antique Weapon Boutique.
 34731 | Bazaar   | Found Buorrej's Weapon Shoppe.
 34752 | Bazaar   | Found Acoacine's Jewellery Shoppe.
 34760 | Bazaar   | Bought the ring "Woni" {rElec Will+ rCorr Int+6} for 837
                  | gold pieces
 34760 | Bazaar   | Bought a ring of poison resistance for 200 gold pieces
 34760 | Bazaar   | Bought a ring of ice for 250 gold pieces
 35057 | Vaults:1 | Reached skill level 27 in Unarmed Combat
 36156 | Vaults:2 | Reached XP level 19. HP: 178/195 MP: 19/19
 36588 | Vaults:2 | Reached skill level 10 in Shields
 36626 | Vaults:2 | You fall into a shaft and drop 1 floor!
 36626 | Vaults:3 | Found Voytumam's Book Shoppe.
 36634 | Vaults:3 | Found Epowk's Antique Weapon Shoppe.
 37277 | Vaults:2 | Found a staircase to the Crypt.
 37375 | Vaults:2 | Identified the +7 falchion of Extinguishment {antimagic,
                  | Dex+5 Stlth+}
 37540 | Vaults:3 | Found Owkitoz's Assorted Antiques.
 38360 | Vaults:3 | Cast into level 2 of the Abyss (a wizard)
 38487 | Vaults:3 | Escaped the Abyss
 38779 | Vaults:3 | Found Oti Ment's Magic Scroll Shop.
 38787 | Vaults:3 | Bought a scroll of fog for 24 gold pieces
 38787 | Vaults:3 | Bought a scroll of fear for 42 gold pieces
 39064 | Vaults:3 | Reached skill level 15 in Fighting
 39951 | Vaults:4 | Identified the +0 robe of Hairiness {Archmagi}
 40053 | Vaults:4 | Reached XP level 20. HP: 211/211 MP: 20/20
 40708 | Depths:1 | Entered Level 1 of the Depths
 40708 | Depths:1 | Found Sionn's Armour Shop.
 40912 | Depths:1 | Found Givolimi's Antique Armour Shoppe.
 40912 | Depths:1 | Found Feufroyt's Jewellery Emporium.
 40981 | Depths:1 | Found a radiant altar of Vehumet.
 41505 | Depths:1 | Found a gateway to Hell.
 41850 | Depths:1 | Found a one-way gate leading to the halls of Pandemonium.
 42263 | Depths:2 | You fall into a shaft and drop 2 floors!
 42263 | Depths:4 | Entered Level 4 of the Depths
 42270 | Depths:4 | Noticed a juggernaut
 42272 | Depths:4 | Found a one-way gateway to a ziggurat.
 42503 | Depths:3 | Noticed a golden dragon
 42515 | Depths:3 | Killed a golden dragon
 43511 | Depths:3 | Found a one-way gate to the infinite horrors of the Abyss.
 44349 | Depths:3 | Reached skill level 1 in Evocations
 44422 | Depths:3 | Paralysed by you for 3 turns
 44441 | Depths:3 | Reached XP level 21. HP: 226/226 MP: 21/21
 45685 | Depths:3 | Killed a juggernaut
 46230 | Depths:3 | HP: 9/227 [deep troll (10)]
 46603 | Depths:4 | Found a gate to the Realm of Zot.
 46806 | Depths:4 | Gained mutation: You are frail. (-10% HP) [a shining eye]
 47207 | Depths:4 | Gained mutation: You are strong-willed. (Will+) [a shining
                  | eye]
 47209 | Depths:4 | Gained mutation: You tend to lose your temper in combat. [a
                  | shining eye]
 47434 | Depths:4 | Found Xuic's Book Shoppe.
 47434 | Depths:4 | Found Dusoraqeth's Jewellery Shop.
 47435 | Depths:4 | Found Ypsomihu's Jewellery Shop.
 47767 | D:11     | Lost mutation: You tend to lose your temper in combat.
                  | [potion of mutation]
 47767 | D:11     | Lost mutation: You are frail. (-10% HP) [potion of
                  | mutation]
 47767 | D:11     | Lost mutation: You are strong-willed. (Will+) [potion of
                  | mutation]
 47767 | D:11     | Gained mutation: You have large cloven feet. [potion of
                  | mutation]
 47767 | D:11     | Gained mutation: Your body sometimes deteriorates upon
                  | taking damage. [potion of mutation]
 48284 | Vaults:5 | Entered Level 5 of the Vaults
 48319 | Vaults:4 | Reached skill level 15 in Shields
 48596 | Vaults:4 | Reached skill level 5 in Evocations
 48711 | Vaults:5 | Noticed a golden dragon
 48725 | Vaults:5 | Killed a golden dragon
 48738 | Vaults:5 | Found the +8 mithril axe "Arga" {speed, Will+}
 48941 | Vaults:5 | Reached XP level 22. HP: 235/239 MP: 22/22
 50277 | Vaults:5 | Noticed a dread lich
 50284 | Vaults:5 | Killed a dread lich
 50413 | Vaults:5 | Got a silver rune of Zot
 50887 | Zot:1    | Entered Level 1 of the Realm of Zot
 51380 | Zot:1    | Killed from afar by a black draconian knight

Illustrated notes

Levels and vault maps discovered:
D:1:      shiori_arrival_oz, layout_loops_ring,
          dilly_ecumenical_altar_fadedgnrine, minivault_27,
          minmay_stone_trees_small, nrook_uturn, minmay_heptomino_o4
D:2:      wad_lake_hut, layout_basic, basic_altar, hex_tiny, uniq_sigmund
D:3:      minmay_general_purpose_star, layout_rooms, uniq_terence
D:4:      cheibrodos_fertilizer, layout_loops_ring, serial_shops,
          nicolae_shop_stone, roderic_batcave
D:5:      layout_layer_cave
D:6:      black_bear_nest_2, layout_basic, uniq_pikel
D:7:      layout_loops_corners, minmay_temple_entry_mist
D:8:      minmay_recursive_quarters, layout_loops_ring, grunt_ministairs_2,
          corexii_leaking_fountain
D:9:      layout_grid_maze, orc_0_dummy, kennysheep_generic_room_13
D:10:     layout_cave_pools, nicolae_overflow_hidden_temple,
          grunt_lair_entry_orc_guard_hut, serial_shops, shop,
          grunt_decor_arrowhead, uniq_maurice
D:11:     nzn_winding_woodlands_small [nzn_winding_woodlands_5x15_zeroes,
          nzn_winding_woodlands_center_pierced_h,
          nzn_winding_woodlands_5x15_crooked], layout_loops_cross, serial_shops,
          shop, billiards_dpeg, uniq_josephine
D:12:     layout_roguey, serial_aquarium, aquarium_bridge_straight
          [aquarium_subvault_bridge, aquarium_subvault_wall,
          aquarium_subvault_bridge, aquarium_subvault_wall],
          aquarium_bridge_square [aquarium_subvault_bridge,
          aquarium_subvault_balcony, aquarium_subvault_bridge,
          aquarium_subvault_window], aquarium_window_1, aquarium_window_fake,
          aquarium_view_2c, aquarium_view_2d, aquarium_balcony_3a,
          aquarium_pool_2
D:13:     layout_basic, david_vaults_2, serial_shops, shop
D:14:     layout_small_grid, nicolae_qazlal_style_of_elements, uniq_kirke
D:15:     hangedman_depths_entry_civil_slaughter, layout_long_grid,
          nicolae_benzene_ring, minivault_15
Lair:1:   layout_gridlike, chequers_serial_rivers_micro_c
Lair:2:   layout_loops_ring, minmay_swamp_entry_eels, ebering_ghost_xom,
          serial_bayou_shore_a
Lair:3:   layout_chaotic_city, minmay_snake_entry_spellcaster,
          serial_bayou_shore_b, grunt_megastairs_3, lemuel_fruit_tree,
          uniq_gastronok
Lair:4:   layout_gridlike, chequers_serial_rivers_small_b,
          nicolae_quartered_pool_medium, lemuel_fruit_fields
Lair:5:   layout_roguey, nicolae_slime_entry_slimehenge
Lair:6:   due_jungle_book, layout_loops_ring, infiniplex_staircase_pool_2,
          grunt_megastairs_5
Swamp:1:  layout_basic_swamp, nicolae_swamp_long_stream,
          nicolae_swamp_oklob_treasure_island
Swamp:2:  layout_basic_swamp, evilmike_swamp_ruin_house_4
Swamp:3:  layout_basic_swamp, lemuel_altar_in_water
Swamp:4:  swamp_old_school, layout_basic_swamp
Snake:1:  layout_chambers, nicolae_coiled_stairwell_down
Snake:2:  layout_basic, basic_altar, uniq_vashnia
Snake:3:  layout_rooms
Snake:4:  snake_pit, layout_layer_cave, gammafunk_ghost_wrathful_warriors,
          special_room, uniq_aizul
Orc:1:    emtedronai_trogs_sanctum, layout_diamond_mine, basic_altar
Orc:2:    grunt_orc_cross, layout_caves, nicolae_volcano_entry_vermiform,
          nicolae_shop_clearance, uniq_sonja
Vaults:1: hangedman_vaults_nodes, grunt_vaults_twisty, v_misc_27, v_misc_16,
          v_misc_31, vaults_dpeg_hooks, layout_vaults_omnigrid, serial_shops,
          bzr_entry_water
Vaults:2: ontoclasm_vaults_fault, minmay_crypt_entry_simple_sparse, v_misc_24,
          v_misc_14, ontoclasm_vaults_ligature, v_misc_8, grunt_vaults_diagonal,
          nicolae_vaults_network_barrier, nicolae_vaults_little_squares_3,
          v_alt_pattern_1, ontoclasm_vaults_twist, st_hourglassy, v_misc_12,
          nicolae_vaults_asterisk, vaults_mumra_minichess, layout_vaults_ring
Vaults:3: st_star, nicolae_vaults_triangles, ontoclasm_vaults_loading_screen,
          vaults_mumra_hex, v_misc_29, ontoclasm_vaults_claustrophobia,
          vaults_dpeg_cross, v_alt_pattern_1, layout_vaults_chaotic_city,
          serial_shops, shop, shop_scrolls, nicolae_shop_stone, shop_coins
Vaults:4: st_lines, hangedman_vaults_stagger, nicolae_vaults_asterisk,
          v_misc_10, v_misc_14, nicolae_vaults_angled_halls,
          nicolae_vaults_little_squares_2, nicolae_vaults_twisting_passages,
          v_pattern_1, v_misc_19, v_misc_11, layout_vaults_maze_bifur
Vaults:5: serial_shops
Depths:1: layout_twisted_cross, vehumet_crystals, rand_demon_pan_entry_1,
          hell_entry, serial_shops, nicolae_square_shop, grunt_decor_one_mirror,
          hangedman_aviary, minmay_shoptagon
Depths:2: kennysheep_funnel, layout_cave_pools, hellmouth_1,
          rand_demon_pan_entry_5
Depths:3: gammafunk_mikee_crab_dinner, layout_basic, hell_entry, nrook_campfire,
          abyss_entry_crystal
Depths:4: evilmike_zot_entry_basic, layout_cave_pools, enter_ziggurat_e,
          nicolae_hell_entry_hellmouth_sunbeams, minmay_hedge_maze,
          serial_bayou_shore_b, minmay_shop_grove
Zot:1:    layout_misc_corridors

Skill      XL: |  1  2  3  4  5  6  7  8  9 10 11 12 13 14 15 16 17 18 19 20 21 22 |
---------------+-------------------------------------------------------------------+-----
Unarmed Combat | 4 6 8 9 12 14 16 19 20 21 22 23 25 26 27 | 27.0
Fighting       | 3 5 7 8 10 11 12 13 15 17 18 19 | 19.2
Armour         | 1 4 6 8 |  8.0
Dodging        | 1 3 4 |  4.0
Shields        | 1 5 7 9 12 14 15 16 | 16.3
Evocations     | 1 5 6 |  6.0
Spellcasting   | |  1.0
Fire Magic     | |  2.1

Action                   |  1- 3 |  4- 6 |  7- 9 | 10-12 | 13-15 | 16-18 | 19-21 | 22-24 || total
-------------------------+-------+-------+-------+-------+-------+-------+-------+-------++-------
Melee: Unarmed           |    76 |   170 |   244 |   449 |   863 |  1138 |  1290 |   230 ||  4460
       Punch             |     1 |     2 |     8 |    38 |   102 |       |       |       ||   151
       Kick              |       |       |       |       |       |       |    70 |    96 ||   166
Throw: Dart              |       |       |       |     8 |       |       |     1 |       ||     9
       Large rock        |       |       |       |       |       |       |     4 |       ||     4
Invok: Fiery Armour      |     1 |       |       |     2 |       |     2 |       |       ||     5
Evoke: Wand              |       |       |       |     8 |     4 |     5 |     7 |     7 ||    31
  Use: Scroll            |       |       |     5 |    16 |     6 |     7 |     4 |     6 ||    44
       Potion            |       |       |       |     3 |     1 |     3 |     4 |     1 ||    12
 Stab: Petrified         |       |       |       |       |     1 |       |       |       ||     1
       Distracted        |       |       |       |       |       |     1 |       |       ||     1
       Invisible         |       |       |       |       |       |       |     1 |       ||     1
Armor: Robe              |    32 |    73 |    31 |    33 |       |       |       |       ||   169
       Troll leather arm |       |       |       |    92 |    13 |       |       |       ||   105
       Skin              |       |       |       |     4 |       |       |       |       ||     4
       Fire dragon scale |       |       |       |       |   320 |   521 |   288 |       ||  1129
       Gold dragon scale |       |       |       |       |       |       |     3 |    61 ||    64
Dodge: Dodged            |    33 |   102 |    88 |   178 |   254 |   339 |   258 |    31 ||  1283
Block: Other             |       |       |       |    63 |   125 |       |       |       ||   188
       Reflection        |       |       |       |     2 |     4 |    75 |    34 |     3 ||   118
       Kite shield       |       |       |       |       |    49 |   164 |       |       ||   213
       Tower shield      |       |       |       |       |       |   819 |   956 |   152 ||  1927
